 Dungeon Crawl Stone Soup version 0.21-a0-39-g28ea6b7 (webtiles) character file.

109 TheGoonsmith the Chopper (level 4, -5/35 HPs)
             Began as a Demonspawn Gladiator on May 31, 2017.
             Slain by Crazy Yiuf
             ... wielding a +3 quarterstaff of chaos
              (7 damage)
             ... on level 2 of the Dungeon.
             The game lasted 00:03:04 (2001 turns).

TheGoonsmith the Chopper (Demonspawn Gladiator)     Turns: 2001, Time: 00:03:05

Health: -5/35      AC:  8    Str: 15    XL:     4   Next: 60%
Magic:  4/4        EV:  7    Int:  9    God:
Gold:   75         SH:  0    Dex: 15    Spells: 3/3 levels left

rFire    . . .     SeeInvis .   a - +0 war axe
rCold    . . .     Gourm    .   (no shield)
rNeg     . . .     Faith    .   e - +0 chain mail
rPois    .         Spirit   .   (helmet restricted)
rElec    .         Reflect  .   (no cloak)
rCorr    .         Harm     .   (no gloves)
MR       .....                  (no boots)
Stlth    ..........             (no amulet)
Regen    0.2/turn               (no ring)
MPRegen  0.1/turn               (no ring)

@: lethally poisoned (-5 -> -10)
A: antennae 1, spiny 1
a: no special abilities


You were on level 2 of the Dungeon.
You were hungry.

You visited 1 branch of the dungeon, and saw 2 of its levels.

You collected 75 gold pieces.

Inventory:

Hand Weapons
 a - a +0 war axe (weapon)
Missiles
 d - 3 throwing nets (quivered)
Armour
 b - a +0 leather armour
 c - a +0 helmet
 e - a +0 chain mail (worn)
 n - a +0 ring mail
Jewellery
 m - an uncursed ring of positive energy {unknown}
Scrolls
 l - a scroll of blinking
 o - a scroll of enchant armour {unknown}
 p - 3 scrolls of fear
 q - a scroll of noise {unknown}
Potions
 h - a potion of degeneration {unknown}
 i - a potion of heal wounds {unknown}
 k - a potion of invisibility {unknown}
Comestibles
 f - a bread ration
 g - a fruit


   Skills:
 + Level 3.2 Fighting
 * Level 4.2 Axes
 - Level 1.7 Throwing
 - Level 2.6 Dodging


You had 3 spell levels left.
You didn't know any spells.

Dungeon Overview and Level Annotations

Branches:
Dungeon (2/15)

Altars:
Trog

Annotations:
D:2 Crazy Yiuf


Innate Abilities, Weirdness & Mutations

You have a pair of small antennae on your head.
You are partially covered in sharp spines.


Message History

There is an open door here.
You hit Crazy Yiuf.
Crazy Yiuf is lightly wounded.
Crazy Yiuf says, "Scoff meccalolo pizzabubble!"
Crazy Yiuf hits you with a quarterstaff of chaos.
You are poisoned.
You hit Crazy Yiuf but do no damage.
Crazy Yiuf is lightly wounded.
You feel sick. Crazy Yiuf is struck by your spines.
Crazy Yiuf hits you but does no damage.
Your chain mail prevents you from hitting Crazy Yiuf.
Crazy Yiuf is moderately wounded.
You feel sick. Crazy Yiuf is struck by your spines.
Crazy Yiuf hits you with a quarterstaff of chaos!
You convulse!
* * * LOW HITPOINT WARNING * * *
You closely miss Crazy Yiuf.
Crazy Yiuf is moderately wounded.
Crazy Yiuf hits you with a quarterstaff of chaos!
You die...

............##......#.....##
##.#
#.........(.##.####.###.###
#.# .....###.......# #.#...#
#.. #....###########
#####.## #.. ...##..#
#..######.. #.##..########
#......##.. .....##.#..#.###
#### #..........
...†.#......#..##...#
#...###....
..##.......####.@g..#
#...####### ..####..#.##
###..)# #.....# ..####.####
#### ##.#..##### .......#
#.#...#... ..######
#.#.#..... ..#
#..############## #.#.......
..# #.#.............##
#.####....
..###.#.....#####....###.#
##..> #.....#.....#
###...##.#####...


You could see Crazy Yiuf.

Vanquished Creatures
  Terence (D:1)
  A gnoll (D:1)
  An adder (D:1)
  2 worms
  2 dart slugs
  4 leopard geckos
  A ball python (D:1)
  4 giant cockroaches
  7 goblins
  5 hobgoblins
  A quokka (D:2)
  10 bats
  4 frilled lizards
  4 kobolds
  6 rats
53 creatures vanquished.

Notes
Turn   | Place    | Note
-------+----------+-------------------------------------------
     0 | D:1      | TheGoonsmith the Demonspawn Gladiator began the quest for the Orb.
     0 | D:1      | Reached XP level 1. HP: 16/16 MP: 1/1
    94 | D:1      | Reached skill level 3 in Axes
   114 | D:1      | Gained mutation: You have a pair of small antennae on your head. [demonic ancestry]
   114 | D:1      | Reached XP level 2. HP: 19/22 MP: 2/2
   773 | D:1      | Reached XP level 3. HP: 11/28 MP: 3/3
  1211 | D:2      | Noticed Terence
  1255 | D:1      | Killed Terence
  1255 | D:1      | Reached skill level 4 in Axes
  1255 | D:1      | Gained mutation: You are partially covered in sharp spines. [demonic ancestry]
  1255 | D:1      | Reached XP level 4. HP: 6/35 MP: 4/4
  1815 | D:2      | Found a bloodstained altar of Trog.
  1883 | D:2      | Found a runed door.
  1996 | D:2      | Noticed Crazy Yiuf
  2001 | D:2      | Slain by Crazy Yiuf

Vault maps used:
D:1:      lemuel_arrival_lava_pool
D:2:      trog_three_pillars_becter, uniq_terence, uniq_crazy_yiuf_cottage

Skill      XL: |  1  2  3 |
---------------+----------+-----
Axes           | 3 4 |  4.2
Fighting       | 3 |  3.2
Throwing       | |  1.7
Dodging        | |  2.6

Action                   |  1- 3 |  4- 6 || total
-------------------------+-------+-------++-------
Melee: War axe           |   124 |    34 ||   158
  Use: Scroll            |     4 |       ||     4
       Potion            |     3 |       ||     3
 Stab: Sleeping          |     1 |       ||     1
  Eat: Chunk             |     1 |     2 ||     3
Armor: Leather armour    |    26 |       ||    26
       Ring mail         |    49 |       ||    49
       Chain mail        |       |    19 ||    19
Dodge: Dodged            |   133 |     3 ||   136
